 Dungeon Crawl Stone Soup version 0.30-a0-859-gf88a04b62d (webtiles) character file.

Game seed: 6104718232047043814

58 cforsyth the Magician (level 3, -5/19 HPs)
             Began as a Deep Elf Earth Elementalist on Mar 6, 2023.
             Slain by a sleepcap (19 damage)
             ... on level 2 of the Dungeon.
             The game lasted 00:02:05 (1651 turns).

cforsyth the Magician (Deep Elf Earth Elementalist) Turns: 1651, Time: 00:02:05

Health: -5/19      AC:  2    Str:  5    XL:     3   Next: 75%
Magic:  7/11       EV:  2    Int: 21    God:
Gold:   57         SH:  0    Dex: 15    Spells: 10/11 levels left

rFire   . . .      SeeInvis .    (no weapon)
rCold   . . .      Faith    .    (no shield)
rNeg    . . .      Spirit   .    a - +0 robe
rPois   .          Reflect  .    (no helmet)
rElec   .          Rampage  .    (no cloak)
rCorr   .                        (no gloves)
Will    .....                    (no boots)
Stlth   ++                       (no amulet)
HPRegen 0.23/turn                (no ring)
MPRegen 0.12/turn                (no ring)

@: sleeping
A: no striking features
a: no special abilities


You were on level 2 of the Dungeon.
You visited 1 branch of the dungeon, and saw 2 of its levels.

You collected 57 gold pieces.

Inventory:

Armour
 a - a +0 robe (worn)
Scrolls
 c - a scroll of enchant armour {unknown}
 e - 2 scrolls of identify {unknown}
 f - a scroll of acquirement {unknown}
 h - a scroll of vulnerability {unknown}
Potions
 b - a potion of magic
 d - a potion of curing {unknown}
 g - 2 potions of might {unknown}


   Skills:
 - Level 2.4 Dodging
 - Level 2.4 Stealth
 + Level 4.5 Spellcasting
 - Level 1.1 Transmutations
 + Level 4.3 Earth Magic


You had 10 spell levels left.
You knew the following spells:

 Your Spells              Type           Power      Damage    Failure   Level
a - Sandblast             Erth           46%        2d11      1%          1

Your spell library contained the following spells:

 Spells                   Type           Power      Damage    Failure   Level
 Passwall                 Tmut/Erth      13%        N/A       5%          2
 Stone Arrow              Conj/Erth      26%        3d8       14%         3
 Blink                    Tloc           8%         N/A       17%         2
 Lesser Beckoning         Tloc           8%         N/A       17%         2
 Momentum Strike          Conj/Tloc      8%         3d8       17%         2
 Petrify                  Tmut/Erth      16%        N/A       36%         4


Dungeon Overview and Level Annotations

Branches:
Dungeon (2/15)

Altars:


Message History

You see here 7 stones.
The blast of sand hits the kobold but does no damage.
The kobold shouts!
The kobold throws a stone.
The stone hits you but does no damage.
The blast of sand hits the kobold.
You kill the kobold!
You can't see any susceptible monsters within range! (Use Z to cast anyway.)
You can't see any susceptible monsters within range! (Use Z to cast anyway.)
You see here a +0 whip.
A kobold comes into view.
It is wielding a +0 dagger and quivering poisoned darts.
A kobold is nearby!
A kobold is nearby!
A kobold is nearby!
You can't see any susceptible monsters within range! (Use Z to cast anyway.)
You can't see any susceptible monsters within range! (Use Z to cast anyway.)
You can't see any susceptible monsters within range! (Use Z to cast anyway.)
You can't see any susceptible monsters within range! (Use Z to cast anyway.)
The blast of sand hits the kobold.
The kobold is moderately wounded.
The kobold shouts!
A sleepcap comes into view.
The blast of sand hits the kobold!
You kill the kobold!
A sleepcap is nearby!
A sleepcap is nearby!
You can't see any susceptible monsters within range! (Use Z to cast anyway.)
You can't see any susceptible monsters within range! (Use Z to cast anyway.)
You can't see any susceptible monsters within range! (Use Z to cast anyway.)
The blast of sand hits the sleepcap!
The sleepcap is moderately damaged.
The blast of sand hits the sleepcap.
The sleepcap is moderately damaged.
The blast of sand hits the sleepcap.
The sleepcap is moderately damaged.
The sleepcap releases spores at you.
You are engulfed in a cloud of soporific spores!
You fall asleep.
The sleepcap releases spores at you!!
Ouch! That really hurt!
You die...

#.####.<
.#.................)..##
#. .##
##....#.##.).#.........
.# .
#.#.........#.#.##..#.
.. ..
..................... ..
#.####.#..#.#######.
#.#.........#.# ###.
###.....###.....# #...
........# #...#.# #.#.
##.....@# #...#######.#.
#.....f# #...#.........
.......)# #.#...........
........# #.#.##......#.
#.......# ###.##.###..#.
#.##....# #.##.# #..#.
#. ..#### #.##.####.#.
### #.##.†......
#.#########.


You could see a sleepcap.

Vanquished Creatures
  2 worms (D:2)
  A dart slug (D:1)
  6 ball pythons
  2 endoplasms (D:1)
  2 giant cockroaches
  3 goblins
  5 hobgoblins
  2 jackals (D:1)
  8 kobolds
  2 quokkas (D:1)
  8 bats
  5 frilled lizards (D:1)
  A rat (D:1)
47 creatures vanquished.

Notes
Turn   | Place    | Note
-------+----------+-------------------------------------------
     0 | D:1      | cforsyth the Deep Elf Earth Elementalist began the quest
                  | for the Orb.
     0 | D:1      | Reached XP level 1. HP: 10/10 MP: 6/6
   212 | D:1      | Reached XP level 2. HP: 3/15 MP: 3/8
   786 | D:1      | Reached XP level 3. HP: 19/19 MP: 8/10
  1651 | D:2      | Slain by a sleepcap

Illustrated notes

Levels and vault maps discovered:
D:1:      dpeg_arrival_tiny_a, layout_loops_corners
D:2:      layout_basic

Skill      XL: |  1  2 |
---------------+-------+-----
Spellcasting   | 4 |  4.5
Earth Magic    | 4 |  4.3
Dodging        | |  2.4
Stealth        | |  2.4
Transmutations | |  1.1

Action                     || total
---------------------------++-------
   Cast: Sandblast         ||    63
 Armour: Robe              ||     5
  Dodge: Dodged            ||     8

Table legend: (Time is in decaauts)
 A = Elapsed time spent in this place.
 B = Non-inter-level travel time spent in this place.
 C = Inter-level travel time spent in this place.
 D = Time resting spent in this place.
 E = Time spent auto-exploring this place.
 F = Levels seen in this place.
 G = Mean time per level.
                   A        B        C        D        E       F      G
               +--------+--------+--------+--------+--------+-----+--------+
         Total |   1681 |   1658 |     23 |      0 |   1438 |   2 |  840.5 |
       Dungeon |   1681 |   1658 |     23 |      0 |   1438 |   2 |  840.5 |
               +--------+--------+--------+--------+--------+-----+--------+

Top non-repeatable levels by time:
     D:1: 1180 daAuts
     D:2: 501 daAuts
